 Dungeon Crawl Stone Soup version 0.30-a0-475-g03497ec522 (webtiles) character file.

Game seed: 5493581484786717727

6429 testman the Blocker (level 10, -8/97 HPs)
             Began as an Armataur Fighter on Dec 20, 2022.
             Was an Initiate of Gozag.
             Killed by divine providence
             ... invoked by a meliai
              (11 damage)
             ... on level 9 of the Dungeon.
             The game lasted 00:30:22 (7262 turns).

testman the Blocker (Armataur Fighter)              Turns: 7262, Time: 00:30:23

Health: -8/97      AC: 14    Str: 26    XL:     10   Next: 67%
Magic:  10/10      EV: 23    Int:  8    God:    Gozag
Gold:   1419       SH:  6    Dex: 10    Spells: 9/9 levels left

rFire   . . .      SeeInvis .    b - +6 flail (holy)
rCold   + . .      Faith    .    c - +0 buckler
rNeg    . . .      Spirit   .    G - +1 ring mail {rC+}
rPois   .          Reflect  .    (no helmet)
rElec   .          Harm     .    r - +0 cloak
rCorr   .          Roll     +    z - +0 pair of gloves
Will    .....                    (no barding)
Stlth   ..........               I - amulet of the acrobat
HPRegen 0.36/turn                g - +4 ring of slaying
MPRegen 0.12/turn                N - +4 ring of protection

@: gold aura, acrobatic, hasted, very quick
A: large, rugged brown scales 3, deformed body, armoured tail, roll, long
tongue, awkward tongue
a: Renounce Religion, Potion Petition, Call Merchant, Bribe Branch


You were on level 9 of the Dungeon.
You worshipped Gozag.
Gozag was most pleased with you.
You visited 2 branches of the dungeon, and saw 10 of its levels.
You also visited: Ossuary.

You collected 1669 gold pieces.
You spent 208 gold pieces at shops.
You paid 42 gold pieces to Gozag.

Inventory:

Hand Weapons
 a - a +0 flail
 b - a +6 flail of holy wrath (weapon)
 O - a -1 demon whip of venom
 S - a +1 flail of protection
Missiles
 j - 17 poisoned darts (quivered)
 s - 6 javelins
 E - a throwing net
 P - 4 boomerangs
Armour
 c - a +0 buckler (worn)
 r - a +0 cloak (worn)
 z - a +0 pair of gloves (worn)
 G - a +1 ring mail of cold resistance (worn)
Jewellery
 g - a +4 ring of slaying (left hand)
 q - a ring of poison resistance
 D - a ring of magical power
 I - an amulet of the acrobat (around neck)
 N - a +4 ring of protection (right hand)
Wands
 u - a wand of acid (2)
 y - a wand of polymorph (10)
 H - a wand of flame (15)
Scrolls
 f - 2 scrolls of enchant weapon {unknown}
 k - 2 scrolls of teleportation
 l - 2 scrolls of poison
 m - 6 scrolls of vulnerability
 p - a scroll of amnesia {unknown}
 t - 2 scrolls of silence {unknown}
 v - 2 scrolls of fog
 A - a scroll of acquirement {unknown}
 F - a scroll of fear {unknown}
 J - a scroll of blinking {unknown}
 K - a scroll of noise {unknown}
 M - a scroll of torment {unknown}
 Q - a scroll of identify
 T - a scroll of brand weapon {unknown}
Potions
 d - 2 potions of might
 e - 6 potions of mutation
 h - 3 potions of haste
 i - 3 potions of brilliance
 n - 2 potions of cancellation {unknown}
 o - a potion of heal wounds
 w - 2 potions of flight {unknown}
 x - a potion of curing
 B - a potion of resistance {unknown}
 C - a potion of berserk rage {unknown}
 L - 2 potions of ambrosia {unknown}
 R - a potion of lignification {unknown}


   Skills:
 + Level 9.0 Fighting
 + Level 8.8 Maces & Flails
 + Level 6.4 Armour
 + Level 10.0 Shields


You had 9 spell levels left.
You didn't know any spells.
Your spell library contained the following spells:

 Spells                   Type           Power      Damage    Failure   Level
 Gell's Gravitas          Tloc           0%         N/A       91%         3
 Portal Projectile        Hex/Tloc       0%         N/A       91%         3
 Teleport Other           Tloc           0%         N/A       91%         3
 Tukima's Dance           Hex            0%         N/A       91%         3
 Blade Hands              Tmut           0%         N/A       100%        5
 Iskenderun's Battlesphe  Conj           0%         2d6       100%        5
 Dispersal                Tloc           0%         N/A       100%        6
 Iron Shot                Conj/Erth      0%         9d1       100%        6
 Spellforged Servitor     Conj/Summ      0%         N/A       100%        7


Dungeon Overview and Level Annotations

Branches:
Dungeon (9/15)             Temple (1/1) D:4             Orc (0/2) D:9
Ossuary (visited)
   Lair: D:8-11

Altars:
Ashenzari
Cheibriados
Dithmenos
Elyvilon
Fedhas
Gozag
Hepliaklqana
Kikubaaqudgha
Makhleb
Nemelex Xobeh
Okawaru
Qazlal
Ru
Sif Muna
Trog
Uskayaw
Vehumet
Wu Jian
Xom
Yredelemnul
Zin
The Shining One

Shops:
D:1 (   D:6 (


Innate Abilities, Weirdness & Mutations

You are completely covered in rugged brown scales. (AC +3, +7% HP)
Armour fits poorly on your strangely shaped body.
You have a long armoured tail.
You roll when moving toward enemies. (Rampage)
Your long tongue fully drains potion bottles. (2x potion effects)
Your tongue gives you trouble enunciating. (1.5x scroll delay)


Message History

The meliai is severely wounded.
The meliai hits you with the +9 flail of Brawling {flame, rF+++ Str+3 Dex+4}.
* * * LOW HITPOINT WARNING * * *
The meliai burns you.
* * * LOW HITPOINT WARNING * * *
The meliai stings you.
* * * LOW HITPOINT WARNING * * *
You are poisoned.
The meliai poisons you!
You slurp down every last drop of the 2 potions of curing!
You feel better.
The eight-headed hydra bites you but does no damage.
The eight-headed hydra barely misses you.
The eight-headed hydra bites you but does no damage.
You block the eight-headed hydra's attack.
The eight-headed hydra bites you but does no damage.
The eight-headed hydra barely misses you.
The eight-headed hydra bites you!
The eight-headed hydra bites you but does no damage.
Okay, then.
You slurp down every last drop of the 4 potions of haste!
You feel yourself speed up.
You block the eight-headed hydra's attack.
The eight-headed hydra bites you!
* * * LOW HITPOINT WARNING * * *
The eight-headed hydra bites you!
* * * LOW HITPOINT WARNING * * *
The eight-headed hydra bites you but does no damage.
The eight-headed hydra bites you.
* * * LOW HITPOINT WARNING * * *
The eight-headed hydra bites you!
* * * LOW HITPOINT WARNING * * *
The eight-headed hydra barely misses you.
The eight-headed hydra bites you but does no damage.
A yak comes into view.
The yak bellows!
The meliai calls down the wrath of its god upon you.
Something smites you!
You die...
Your body crumbles into a pile of gold.

.#.# #........###
.#.###.....[..#
.'..##........#
.#............#
.#............#
##............#########+######
...................(..........
...<..........................
................@...D.........
...........######.............
.#####'#####....#..###y#####.#
.#..............#..##.$y##
.#..............#Yy#..##$#
.#..............#...##(..$#
.#......#########..#..##.#T.
.########. ....## .##.$#
.......... .... # #.#


You could see an eight-headed hydra, a yak, a meliai and a killer bee.

Vanquished Creatures
  A hydra (D:9)
  Amaemon (D:8)
  A deep elf zephyrmancer (D:6)
  A manticore (D:9)
  Joseph (D:8)
  An orange demon (D:8)
  An efreet (D:9)
  A wyvern (D:7)
  Grum (D:8)
  A water moccasin (D:7)
  2 black bears (D:6)
  2 orc warriors
  3 ice beasts
  3 ogres
  4 wolves (D:8)
  2 centaurs
  A phantom (D:5)
  2 elf zombies (Ossuary)
  2 kobold brigands
  3 bullfrogs
  2 scorpions
  6 killer bees
  A howler monkey (D:9)
  2 centaur zombies (Ossuary)
  A human zombie (Ossuary)
  2 jellies
  7 orc priests
  3 iguanas
  6 orc wizards
  2 mummies (Ossuary)
  4 gnolls
  8 adders
  2 shadow imps (D:6)
  An adder zombie (Ossuary)
  A worm (D:2)
  2 dart slugs
  53 orcs
  6 endoplasms
  3 giant cockroaches
  16 goblins
  14 hobgoblins
  11 kobolds
  3 quokkas
  8 ball pythons
  5 bats
  5 frilled lizards
  A goblin zombie (Ossuary)
  10 hobgoblin zombies (Ossuary)
  2 jackal zombies (Ossuary)
  11 kobold zombies (Ossuary)
  7 orc zombies (Ossuary)
  8 rats
247 creatures vanquished.

Vanquished Creatures (others)
  A slime creature (D:9)
  A plant (D:2)
2 creatures vanquished.

Grand Total: 249 creatures vanquished

Notes
Turn   | Place    | Note
-------+----------+-------------------------------------------
     0 | D:1      | testman the Armataur Fighter began the quest for the Orb.
     0 | D:1      | Reached XP level 1. HP: 19/19 MP: 1/1
    60 | D:1      | Reached XP level 2. HP: 20/27 MP: 2/2
    94 | D:1      | Found Sozxefon's Weapon Shop.
   349 | D:1      | Reached XP level 3. HP: 31/33 MP: 3/3
   754 | D:2      | Reached XP level 4. HP: 31/42 MP: 4/4
   898 | D:2      | You fall into a shaft and drop 1 floor!
  1332 | D:3      | Found an opulent altar of Gozag.
  1355 | D:3      | Became a worshipper of Gozag Ym Sagoz the Greedy
  1416 | D:3      | Found a burning altar of Makhleb.
  1468 | D:3      | Reached XP level 5. HP: 44/49 MP: 5/5
  1683 | D:4      | Found a staircase to the Ecumenical Temple.
  1723 | Temple   | Entered the Ecumenical Temple
  2084 | D:4      | Reached XP level 6. HP: 15/56 MP: 6/6
  2089 | D:4      | Reached skill level 4 in Shields
  2643 | D:5      | Entered Level 5 of the Dungeon
  2696 | D:5      | Reached skill level 5 in Fighting
  2721 | D:5      | Reached XP level 7. HP: 60/65 MP: 7/7
  3023 | D:5      | Found a sparkling altar of Nemelex Xobeh.
  3034 | D:5      | Reached skill level 5 in Shields
  3154 | D:5      | Reached skill level 5 in Maces & Flails
  3274 | D:5      | Found a shadowy altar of Dithmenos.
  3550 | D:6      | Reached skill level 6 in Shields
  3550 | D:6      | Reached XP level 8. HP: 68/74 MP: 8/8
  3862 | D:6      | Found an iron altar of Okawaru.
  3905 | D:6      | Found Jiomausufu's Antique Weapon Shoppe.
  3912 | D:6      | Bought a runed flail for 208 gold pieces
  4058 | D:6      | Noticed a deep elf zephyrmancer
  4062 | D:6      | Killed a deep elf zephyrmancer
  4063 | D:6      | Reached skill level 7 in Shields
  4063 | D:6      | Reached XP level 9. HP: 84/84 MP: 9/9
  5217 | D:8      | Noticed Amaemon
  5217 | D:8      | Noticed an orange demon
  5237 | D:7      | Reached skill level 8 in Shields
  5328 | D:8      | Found a sand-covered staircase.
  5335 | Ossuary  | Entered an ossuary
  5876 | D:8      | Found a bloodstained altar of Trog.
  5915 | D:8      | Found a snail-covered altar of Cheibriados.
  6076 | D:8      | Noticed Grum
  6102 | D:8      | Killed Grum
  6103 | D:8      | Reached skill level 9 in Shields
  6308 | D:8      | Killed Amaemon
  6309 | D:8      | Reached XP level 10. HP: 47/96 MP: 10/10
  6314 | D:8      | Killed an orange demon
  6315 | D:8      | Reached skill level 5 in Armour
  6622 | D:8      | Noticed Joseph
  6630 | D:8      | Killed Joseph
  6735 | D:8      | Found a broken altar of Ashenzari.
  6823 | D:9      | Found a staircase to the Orcish Mines.
  7096 | D:9      | Found a glowing golden altar of the Shining One.
  7221 | D:9      | Noticed a manticore
  7226 | D:9      | Killed a manticore
  7226 | D:9      | Noticed a seven-headed hydra
  7227 | D:9      | Identified the +9 flail of Brawling {flame, rF+++ Str+3
                  | Dex+4}
  7231 | D:9      | Noticed an eight-headed hydra
  7240 | D:9      | Killed a seven-headed hydra
  7252 | D:9      | Reached skill level 10 in Shields
  7255 | D:9      | HP: 2/97 [eight-headed hydra (11)]
  7262 | D:9      | Killed from afar by a meliai

Illustrated notes

Levels and vault maps discovered:
D:1:      lemuel_arrival_behind_the_door_small, layout_rooms, serial_shops,
          nicolae_shop_bloodbath_and_beyond
D:2:      layout_rooms, serial_forest, infiniplex_forest_clump_large,
          infiniplex_forest_clump_medium, infiniplex_forest_corner_1,
          infiniplex_forest_side_room, infiniplex_forest_straight_1
D:3:      layout_loops_ring, grunt_gozag_breadcrumbs, lightli_temple_of_fire,
          grunt_ministairs_4, kennysheep_generic_room_13
D:4:      cheibrodos_greedy_goblins, layout_loops_cross,
          minmay_temple_entry_proselytizer
D:5:      layout_loops_ring, nicolae_overflow_crystal_walls,
          grunt_dithmenos_shadows
D:6:      layout_rooms, okawaru_altar_gauntlet_db, serial_shops, shop,
          guppyfry_early_elven_hall
D:7:      layout_loops_corners
D:8:      layout_gridville, nicolae_overflow_squiral,
          lemuel_coloured_pillars_altar, chequers_ossuary_entry_cave,
          skrybe_limestone_x, st_stairs_9, uniq_amaemon, uniq_grum, uniq_joseph
D:9:      minmay_the_grid_square_5x5_3x3 [minmay_the_grid_square_5x5_v,
          minmay_the_grid_square_5x5_percent,
          minmay_the_grid_square_5x5_pentomino_r,
          minmay_the_grid_square_5x5_tetrominoes,
          minmay_the_grid_square_5x5_megaprize_crossed,
          minmay_the_grid_square_5x5_detours,
          minmay_the_grid_square_5x5_shuriken,
          minmay_the_grid_square_5x5_intrusive_squares,
          minmay_the_grid_square_5x5_moneybag], layout_irregular_city,
          amcnicky_altar_gilded, david_orc_5, uniq_erica
Temple:   nicolae_temple_bog_church

Skill      XL: |  1  2  3  4  5  6  7  8  9 10 |
---------------+-------------------------------+-----
Maces & Flails | 2 3 4 5 6 8 |  8.8
Fighting       | 3 4 5 7 8 9 |  9.0
Shields        | 4 6 7 9 10 | 10.0
Armour         | 4 6 |  6.4

Action                   |  1- 3 |  4- 6 |  7- 9 | 10-12 || total
-------------------------+-------+-------+-------+-------++-------
Melee: Flail             |    88 |   157 |   249 |    79 ||   573
       Tailslap          |     5 |    21 |    31 |     9 ||    66
Evoke: Wand              |       |       |       |     1 ||     1
  Use: Scroll            |       |       |     7 |       ||     7
       Potion            |       |       |     3 |     6 ||     9
 Stab: Distracted        |       |     1 |     1 |       ||     2
Armor: Scale mail        |    57 |    42 |    34 |       ||   133
       Ring mail         |       |       |    83 |    77 ||   160
Dodge: Dodged            |    27 |    36 |    87 |    41 ||   191
Block: Buckler           |    19 |    17 |    62 |    38 ||   136

Table legend: (Time is in decaauts)
 A = Elapsed time spent in this place.
 B = Non-inter-level travel time spent in this place.
 C = Inter-level travel time spent in this place.
 D = Time resting spent in this place.
 E = Time spent auto-exploring this place.
 F = Levels seen in this place.
 G = Mean time per level.
                   A        B        C        D        E       F      G
               +--------+--------+--------+--------+--------+-----+--------+
         Total |   7359 |   7148 |    211 |    269 |   5295 |  11 |  669.0 |
       Dungeon |   6902 |   6696 |    206 |    269 |   4982 |   9 |  766.9 |
        Temple |    165 |    160 |      5 |      0 |    150 |   1 |  165.0 |
       Ossuary |    291 |    291 |      0 |      0 |    163 |   1 |  291.0 |
               +--------+--------+--------+--------+--------+-----+--------+

Top non-repeatable levels by time:
     D:8: 1203 daAuts
     D:7: 1173 daAuts
     D:4: 945 daAuts
     D:5: 844 daAuts
     D:6: 703 daAuts
     D:3: 665 daAuts
     D:1: 510 daAuts
     D:9: 441 daAuts
     D:2: 415 daAuts
 Ossuary: 291 daAuts
  Temple: 165 daAuts
